 Dungeon Crawl Stone Soup version 0.25-a0-388-g41a7e554cb (webtiles) character file.

Game seed: 6978812195408826147, levelgen mode: deterministic

12182 Borgoz the Basher (level 11, -3/71 HPs)
             Began as a Gargoyle Fighter on Jan 7, 2020.
             Was a High Priest of Okawaru.
             Slain by Snorg (13 damage)
             ... on level 11 of the Dungeon.
             The game lasted 00:15:14 (9705 turns).

Borgoz the Basher (Gargoyle Fighter)                Turns: 9705, Time: 00:15:15

Health: -3/71      AC: 20    Str: 23    XL:     11   Next: 89%
Magic:  16/16      EV: 13    Int:  8    God:    Okawaru [*****.]
Gold:   446        SH:  0    Dex: 12    Spells: 10/10 levels left

rFire    . . .     SeeInvis +   E - +3 dire flail
rCold    . . .     Gourm    .   (shield currently unavailable)
rNeg     + . .     Faith    .   b - +2 ring mail "Zeetzab" {MR+ SInv}
rPois    ∞         Spirit   .   (no helmet)
rElec    +         Reflect  .   B - +0 cloak
rCorr    .         Harm     .   (no gloves)
MR       +....                  y - +1 pair of boots
Stlth    ..........             (no amulet)
HPRegen  0.21/turn              g - +2 ring of strength
MPRegen  0.15/turn              (no ring)

@: confused, berserk cooldown, very slightly contaminated, slowed, very slow
A: negative energy resistance 1, electricity resistance, unbreathing,
petrification resistance, rot immunity, AC +8
a: Heroism, Finesse, Renounce Religion


You were on level 11 of the Dungeon.
You worshipped Okawaru.
Okawaru was extremely pleased with you.
You were hungry.

You visited 2 branches of the dungeon, and saw 12 of its levels.
You also visited: Sewer.

You collected 646 gold pieces.
You spent 200 gold pieces at shops.

Inventory:

Hand Weapons
 q - a +1 flail of crushing
 E - a +3 dire flail (weapon)
Armour
 b - the +2 ring mail "Zeetzab" (worn) {MR+ SInv}
   (Okawaru gifted it to you on level 10 of the Dungeon)

   It affects your resistance to hostile enchantments.
   It lets you see invisible.
 c - a +0 shield
 r - a +3 scale mail of fire resistance
 y - a +1 pair of boots (worn)
 B - a +0 cloak (worn)
Jewellery
 g - a +2 ring of strength (left hand)
 l - an uncursed ring of fire
 t - an uncursed ring of ice
Wands
 a - a wand of iceblast (6)
 s - a wand of digging (9)
 D - a wand of flame (26)
Scrolls
 e - 2 scrolls of magic mapping
 i - 9 scrolls of teleportation
 j - 2 scrolls of enchant armour
 k - a scroll of blinking
 m - a scroll of enchant weapon {unknown}
 n - 3 scrolls of fog {unknown}
 o - 4 scrolls of remove curse
 v - 2 scrolls of random uselessness {unknown}
 w - 3 scrolls of amnesia {unknown}
 A - 2 scrolls of fear
 C - a scroll of vulnerability {unknown}
 G - a scroll of identify
Potions
 h - 2 potions of flight
 p - a potion of haste
 u - 2 potions of mutation
 z - 2 potions of resistance
 H - a potion of might
 I - a potion of agility
 J - 2 potions of curing
Comestibles
 f - 26 rations


   Skills:
 + Level 9.1 Fighting
 * Level 11.2 Maces & Flails
 + Level 9.3 Armour
 + Level 4.9 Dodging
 - Level 6.3 Shields
 - Level 7.0 Invocations


You had 10 spell levels left.
You didn't know any spells.
Your spell library contained the following spells:

 Spells                   Type           Power        Failure   Level  Hunger
 Beastly Appendage        Tmut           #.....       54%         1    ##.....
 Sandblast                Erth           #.....       54%         1    ##.....
 Passwall                 Tmut/Erth      #.......     67%         2    ###....
 Sticks to Snakes         Tmut           #.......     67%         2    ###....
 Spider Form              Tmut/Pois      #.........   88%         3    ####...
 Stone Arrow              Conj/Erth      #.....       88%         3    ####...
 Ice Form                 Ice/Tmut       #.......     99%         4    #####..
 Petrify                  Tmut/Erth      #.......     99%         4    #####..
 Blade Hands              Tmut           #.........   100%        5    ######.
 Lee's Rapid Deconstruct  Erth           #.........   100%        5    ######.


Dungeon Overview and Level Annotations

Branches:
Dungeon (11/15)            Temple (1/1) D:6             Orc (0/2) D:10
  Sewer (visited)
   Lair: D:8-11

Altars:
Ashenzari
Cheibriados
Dithmenos
Elyvilon
Fedhas
Gozag
Hepliaklqana
Kikubaaqudgha
Makhleb
Nemelex Xobeh
Okawaru
Qazlal
Ru
Sif Muna
Trog
Uskayaw
Vehumet
Wu Jian
Xom
Yredelemnul
Zin
The Shining One

Shops:
D:5 ?   D:10 *

Annotations:
D:8 exclusion: oklob plant
D:11 Snorg


Innate Abilities, Weirdness & Mutations

You are resistant to torment.
Your stone body is resilient. (AC +8)
You are immune to poison.
You resist negative energy. (rN+)
You are resistant to electric shocks. (rElec)
You can survive without breathing.
You are immune to petrification.
You are immune to rotting.


Message History

As you read the scroll of blinking, it crumbles to dust.
You are confused.
You feel invigorated.
You bump into the rock wall.
Snorg bites you!!
* * * LOW HITPOINT WARNING * * *
Snorg claws you but does no damage. Snorg claws you.
* * * LOW HITPOINT WARNING * * *
Snorg misses you. Snorg claws you but does no damage. Snorg barely misses you.
You bump into the rock wall.
Snorg bites you.
* * * LOW HITPOINT WARNING * * *
Snorg closely misses you. Snorg claws you but does no damage. Snorg misses you.
Snorg closely misses you. Snorg claws you but does no damage.
You're too confused to move!
Snorg bites you but does no damage. Snorg barely misses you. Snorg claws you!
* * * LOW HITPOINT WARNING * * *
Snorg bites you but does no damage. Snorg claws you.
* * * LOW HITPOINT WARNING * * *
Snorg completely misses you.
You bump into the rock wall.
Snorg bites you!
You die...

#≈≈.......#
#≈≈......>#
#≈≈.......#
##≈.......#
.≈##≈.......+
.≈≈≈≈.......#
######'##### #.#
#.######@# ####+##
#......T.#
.......######'####
.......'...#.....#
......$###.'.....#
....... ###.....+
....... #.....#
####### #######


You could see Snorg (berserk).

Vanquished Creatures
  Erolcha (D:10)
  Josephine (D:10)
  A hydra (D:10)
  Harold (D:7)
  Erica (D:8)
  Pikel (D:8)
  A deep elf mage (D:10)
  A centaur zombie (D:10)
  A gargoyle (D:10)
  2 trolls
  A hornet (D:8)
  Prince Ribbit (D:7)
  3 hippogriffs
  8 yaks (D:10)
  4 wraiths (D:10)
  3 wargs (D:10)
  A water moccasin (D:3)
  3 ice beasts
  A sky beast (D:6)
  4 slaves (D:8)
  3 phantoms
  2 black bears
  3 ogres
  A necrophage (D:10)
  2 crocodiles
  A big kobold (D:8)
  3 bullfrogs
  3 scorpions
  6 wights
  7 killer bees
  4 howler monkeys
  2 crimson imps
  A bullfrog zombie (D:7)
  2 bullfrog skeletons (D:7)
  4 hounds
  3 jellies
  4 orc wizards
  Jessica (D:3)
  2 iguanas
  Terence (D:3)
  Ijyb (D:4)
  Natasha (thrice) (D:4)
  6 worker ants
  2 hound skeletons
  A howler monkey zombie (D:6)
  A gnoll (D:3)
  16 adders
  6 shadow imps
  2 adder skeletons
  4 worms
  3 dart slugs
  5 leopard geckos
  17 orcs
  11 giant cockroaches
  14 goblins
  8 hobgoblins
  7 jackals
  3 quokkas
  2 ball pythons
  4 bats (D:1)
  3 frilled lizards
  A jackal zombie (D:7)
  14 kobolds
  15 rats
  3 plants (D:8)
247 creatures vanquished.

Notes
Turn   | Place    | Note
-------+----------+-------------------------------------------
     0 | D:1      | Borgoz the Gargoyle Fighter began the quest for the Orb.
     0 | D:1      | Reached XP level 1. HP: 14/14 MP: 1/1
    30 | D:1      | Reached XP level 2. HP: 19/19 MP: 2/2
   276 | D:1      | Reached XP level 3. HP: 19/23 MP: 3/3
   880 | D:2      | Reached skill level 3 in Maces & Flails
  1162 | D:2      | Reached XP level 4. HP: 15/29 MP: 4/4
  1668 | D:2      | Found an opulent altar of Gozag.
  2019 | D:3      | Reached XP level 5. HP: 28/33 MP: 5/5
  2023 | D:3      | Noticed Terence
  2062 | D:3      | Killed Terence
  2299 | D:3      | Noticed Jessica
  2300 | D:3      | Killed Jessica
  2300 | D:3      | Reached skill level 4 in Maces & Flails
  2349 | D:3      | Found an iron altar of Okawaru.
  2352 | D:3      | Reached XP level 6. HP: 32/38 MP: 6/6
  2393 | D:3      | Became a worshipper of Warmaster Okawaru
  2726 | D:4      | Noticed Ijyb
  2726 | D:4      | Noticed a water moccasin
  2749 | D:3      | Killed a water moccasin
  2996 | D:4      | Killed Ijyb
  3043 | D:4      | Reached XP level 7. HP: 41/44 MP: 7/7
  3074 | D:4      | Reached skill level 5 in Maces & Flails
  3085 | D:4      | Reached skill level 5 in Fighting
  3085 | D:4      | Reached skill level 5 in Armour
  3085 | D:4      | Reached skill level 5 in Shields
  3264 | D:4      | Found a radiant altar of Vehumet.
  3264 | D:4      | Found a snail-covered altar of Cheibriados.
  3457 | D:4      | Noticed Natasha
  3462 | D:4      | Killed Natasha
  3542 | D:4      | Noticed Natasha
  3553 | D:4      | Killed Natasha
  3553 | D:4      | Reached * piety under Okawaru
  3587 | D:4      | Noticed Natasha
  3599 | D:4      | Killed Natasha
  3756 | D:5      | Entered Level 5 of the Dungeon
  4044 | D:5      | Found Tyecu's Magic Scroll Shoppe.
  4058 | D:5      | Bought a scroll of teleportation for 30 gold pieces
  4058 | D:5      | Bought a scroll of remove curse for 30 gold pieces
  4058 | D:5      | Bought a scroll of magic mapping for 35 gold pieces
  4171 | D:5      | Reached skill level 1 in Invocations
  4223 | D:5      | Found a shattered altar of Ashenzari.
  4269 | D:6      | Reached XP level 8. HP: 32/49 MP: 8/8
  4274 | D:6      | Reached skill level 6 in Maces & Flails
  4295 | D:6      | Found a glowing drain.
  4353 | Sewer    | Entered a sewer
  4645 | D:6      | Reached ** piety under Okawaru
  4849 | D:6      | Found a staircase to the Ecumenical Temple.
  4876 | Temple   | Entered the Ecumenical Temple
  5101 | D:6      | Found a basalt altar of Yredelemnul.
  5455 | D:7      | Reached skill level 7 in Maces & Flails
  5455 | D:7      | Reached XP level 9. HP: 55/55 MP: 11/11
  5658 | D:7      | Noticed Harold
  5675 | D:7      | Killed Harold
  5675 | D:7      | Reached *** piety under Okawaru
  5675 | D:7      | Reached skill level 8 in Maces & Flails
  5675 | D:7      | Reached skill level 1 in Dodging
  5743 | D:7      | Noticed Prince Ribbit
  6038 | D:7      | Killed Prince Ribbit
  6038 | D:7      | Reached **** piety under Okawaru
  6038 | D:7      | Reached XP level 10. HP: 52/63 MP: 13/13
  6413 | D:8      | Noticed Erica
  6413 | D:8      | Noticed Pikel
  6438 | D:8      | Killed Erica
  6438 | D:8      | Reached skill level 9 in Maces & Flails
  6438 | D:8      | Reached skill level 5 in Invocations
  6452 | D:8      | Killed Pikel
  6452 | D:8      | Reached ***** piety under Okawaru
  6452 | D:8      | Received a gift from Okawaru
  6709 | D:8      | Found a shimmering blue altar of Sif Muna.
  6865 | D:8      | Found a blossoming altar of Fedhas.
  6877 | D:8      | Noticed an oklob plant
  7693 | D:9      | Found a hazy altar of Hepliaklqana.
  7827 | D:10     | Entered Level 10 of the Dungeon
  7910 | D:10     | Noticed a four-headed hydra
  7920 | D:10     | Killed a four-headed hydra
  7920 | D:10     | Reached skill level 10 in Maces & Flails
  7920 | D:10     | Reached XP level 11. HP: 30/68 MP: 15/15
  8157 | D:10     | Found Fakluhon's General Store.
  8164 | D:10     | Bought a scroll of identify for 30 gold pieces
  8164 | D:10     | Bought a potion of berserk rage for 75 gold pieces
  8292 | D:10     | Noticed Erolcha
  8319 | D:10     | Killed Erolcha
  8319 | D:10     | Reached ****** piety under Okawaru
  8319 | D:10     | Received a gift from Okawaru
  8331 | D:10     | Got an ichor-stained ring mail {god gift}
  8567 | D:10     | Identified the +2 ring mail "Zeetzab" {MR+ SInv} (Okawaru
                  | gifted it to you on level 10 of the Dungeon)
  8706 | D:10     | Found a staircase to the Orcish Mines.
  8965 | D:10     | Noticed a deep elf mage
  8971 | D:10     | Killed a deep elf mage
  8990 | D:10     | Reached skill level 11 in Maces & Flails
  9261 | D:10     | Noticed Josephine
  9282 | D:10     | Killed Josephine
  9683 | D:11     | Noticed Snorg
  9704 | D:11     | HP: 2/71 [Snorg (3)]
  9705 | D:11     | Slain by Snorg

Levels and vault maps discovered:
D:1:      evilmike_arrival_run_for_it, layout_basic, minmay_domino_4
D:2:      layout_loops_corners, grunt_gozag_breadcrumbs,
          nicolae_underground_beach
D:3:      kb_forest_paths, layout_rooms, first_ration,
          okawaru_altar_gauntlet_db, uniq_jessica, uniq_terence
D:4:      layout_rooms, gammafunk_temple_overflow_elements, uniq_natasha,
          uniq_ijyb
D:5:      layout_basic, lemuel_coloured_pillars_altar, serial_shops, shop
D:6:      layout_basic, kennysheep_little_box, minmay_temple_entry_butterflies,
          portal_sewer_entry_b, minmay_fractal_squares_gapless_5
D:7:      layout_basic, uniq_prince_ribbit1, uniq_harold
D:8:      layout_cave_pools, lemuel_crystal_altar, blue_anna_alchemist
          [blue_anna_fruit_fields, blue_anna_fruit_fields], tgw_fedhas,
          uniq_pikel, uniq_erica
D:9:      layout_small_grid, nicolae_overflow_hidden_temple,
          hangedman_decor_push, palyth_stone_intersect
D:10:     layout_loops_ring, minmay_orc_entry_guard_dogs, serial_shops, shop,
          uniq_erolcha, uniq_josephine
D:11:     layout_roguey, lair_entry_dummy, basic_altar, lightli_minifort,
          uniq_psyche, uniq_snorg
Temple:   nicolae_temple_no_exploring_needed

Skill      XL: |  1  2  3  4  5  6  7  8  9 10 11 |
---------------+----------------------------------+-----
Maces & Flails | 3 4 5 7 8 10 11 | 11.2
Shields        | 4 5 6 |  6.3
Armour         | 4 5 6 7 8 9 |  9.3
Fighting       | 4 5 6 7 8 9 |  9.1
Invocations    | 1 3 4 6 7 |  7.0
Dodging        | 2 3 4 |  4.9

Action                   |  1- 3 |  4- 6 |  7- 9 | 10-12 || total
-------------------------+-------+-------+-------+-------++-------
Melee: Flail             |   167 |   224 |   256 |       ||   647
       Dire flail        |       |       |    81 |   395 ||   476
Invok: Heroism           |       |       |     2 |     1 ||     3
Evoke: Wand              |       |       |       |     6 ||     6
  Use: Scroll            |     1 |       |     5 |     8 ||    14
       Potion            |       |       |     3 |     6 ||     9
 Stab: Invisible         |       |       |     4 |       ||     4
  Eat: Chunk             |     1 |     7 |    10 |    11 ||    29
Armor: Scale mail        |   113 |   139 |   166 |   147 ||   565
       Ring mail         |       |       |       |    47 ||    47
Dodge: Dodged            |    58 |    82 |   114 |   178 ||   432
Block: Shield            |    92 |   138 |   119 |       ||   349

Table legend:
 A = Non-vault XP
 B = Vault XP
 C = Vault XP percentage of total XP
 D = Non-vault monster count
 E = Vault monster count
 F = Vault count percentage of total count
                 A         B        C        D         E       F
            +---------+---------+-------+---------+---------+-------
      Total |   10550 |    6853 |  39.4 |     192 |      48 |  20.0
            +---------+---------+-------+---------+---------+-------
        D:1 |      57 |      10 |  14.9 |      32 |       4 |  11.1
        D:2 |      83 |       0 |   0.0 |      22 |       0 |   0.0
        D:3 |     237 |     117 |  33.1 |      21 |      14 |  40.0
        D:4 |     437 |      70 |  13.8 |       8 |       2 |  20.0
        D:5 |     183 |       0 |   0.0 |      11 |       0 |   0.0
        D:6 |     809 |     174 |  17.7 |      17 |       8 |  32.0
        D:7 |    1121 |    1295 |  53.6 |      22 |       2 |   8.3
        D:8 |     891 |    1648 |  64.9 |      17 |       3 |  15.0
        D:9 |    1070 |       0 |   0.0 |      14 |       0 |   0.0
       D:10 |    5662 |    3425 |  37.7 |      28 |       9 |  24.3
      Sewer |       0 |     114 | 100.0 |       0 |       6 | 100.0
            +---------+---------+-------+---------+---------+-------
